 Dungeon Crawl Stone Soup version 0.31.0-12-g77e489cdc1 (webtiles) character file.

Game seed: 14137357223147212507

107 Edyrem the Poker (level 4, 0/55 HPs)
             Began as a Merfolk Berserker on Feb 27, 2024.
             Was a Believer of Trog.
             Slain by an orc
             ... wielding a +0 flail
              (8 damage)
             ... on level 3 of the Dungeon.
             The game lasted 00:04:00 (1395 turns).

Edyrem the Poker (Merfolk Berserker)                Turns: 1395, Time: 00:04:01

Health: 0/55       AC:  4    Str: 19    XL:     4   Next: 85%
Magic:  4/4        EV: 12    Int:  6    God:    Trog [**....]
Gold:   68         SH:  0    Dex: 13    Spells: 3/3 levels left

rFire   . . .        a - +0 spear
rCold   . . .        (no shield)
rNeg    . . .        j - +0 leather armour
rPois   .            (no helmet)
rElec   .            (no cloak)
rCorr   .            (no gloves)
SInv    .            g - +0 pair of boots
Will    ++...        (no amulet) Stlth
                     (no ring)
HPRegen 1.29/turn    (no ring)
MPRegen 0.09/turn

%: no passive effects
@: berserking, strong-willed, regenerating, very quick
A: (nimble swimmer 2), mertail
a: Renounce Religion, Berserk, Trog's Hand


You were on level 3 of the Dungeon.
You worshipped Trog.
Trog was pleased with you.
You visited 1 branch of the dungeon, and saw 3 of its levels.

You collected 68 gold pieces.

Inventory:

Hand Weapons
 a - a +0 spear (weapon)
Armour
 g - a +0 pair of boots (worn)
 j - a +0 leather armour (worn)
Jewellery
 f - a ring of magical power
Talismans
 d - a blade talisman
Scrolls
 c - a scroll of fear {unknown}
 k - a scroll of butterflies {unknown}
 l - 2 scrolls of identify {unknown}
 m - a scroll of immolation {unknown}
 n - a scroll of teleportation {unknown}
 o - a scroll of vulnerability {unknown}
 p - a scroll of enchant weapon {unknown}
Potions
 b - a potion of heal wounds {unknown}
 e - 2 potions of curing {unknown}
 h - a potion of invisibility {unknown}
 i - a potion of mutation {unknown}


   Skills:
 + Level 3.9 Fighting
 - Level 4.1 Polearms
 - Level 1.3 Armour
 + Level 3.7 Dodging
 + Level 1.8 Unarmed Combat
 * Level 3.0 Shapeshifting


You had 3 spell levels left.
You didn't know any spells.
Your spell library was empty.

Dungeon Overview and Level Annotations

Branches:
Dungeon (3/15)

Altars:
Ashenzari

Shops:
D:2 [*


Innate Abilities, Weirdness & Mutations

((You are very nimble when in or above water. (Stealth+, EV+, Speed+++)))
Your lower body shifts to a powerful aquatic tail in water.


Message History

The orc wizard misses you. The orc barely misses you. x2
Your skin crawls.
You feel strong-willed. The orc wizard closely misses you.
The orc closely misses you. x2
You barely miss the orc wizard.
The orc wizard is lightly wounded.
The orc wizard completely misses you. The orc barely misses you.
The orc hits you but does no damage.
You barely miss the orc wizard.
The orc wizard is lightly wounded.
You closely miss the orc wizard. You punch the orc wizard.
The orc wizard is lightly wounded.
The orc wizard barely misses you. The orc hits you with a +0 flail!
The orc closely misses you.
You hit the orc wizard but do no damage.
The orc wizard is lightly wounded.
The orc wizard hits you with a +0 dagger.
The orc hits you with a +0 flail.
* * * LOW HITPOINT WARNING * * *
The orc closely misses you.
You hit the orc wizard.
The orc wizard is heavily wounded.
The orc wizard hits you but does no damage.
The orc barely misses you. x2
You hit the orc wizard.
The orc wizard is heavily wounded.
The orc wizard hits you with a +0 dagger.
* * * LOW HITPOINT WARNING * * *
The orc misses you. The orc hits you with a +0 flail.
* * * LOW HITPOINT WARNING * * *
A red film seems to cover your vision as you go berserk!
You feel yourself moving faster!
You feel mighty!
The orc wizard hits you but does no damage.
The orc closely misses you. The orc barely misses you.
You puncture the orc wizard!
You kill the orc wizard!
Trog accepts your kill.
Trog appreciates your killing of a magic user.
The orc closely misses you. The orc hits you with a +0 flail!
You die...

#......# ......#
......# #.....
############+#...#####
.....................
..................#
..............oo..#
..............@)..#
########.....####.#
#.###.# .# #.<##.# #
#..##.# ....##.#
#.###.##.# # #....#
######


You could see 2 orcs.

Vanquished Creatures
  An orc priest (D:3)
  An orc wizard (D:3)
  2 adders (D:2)
  3 dart slugs (D:2)
  3 orcs (D:3)
  3 ball pythons
  An endoplasm (D:2)
  A giant cockroach (D:1)
  4 goblins
  2 hobgoblins
  10 jackals
  A quokka (D:2)
  6 bats
  2 frilled lizards
  5 kobolds
  2 rats
47 creatures vanquished.

Notes
Turn   | Place    | Note
-------+----------+-------------------------------------------
     0 | D:1      | Edyrem the Merfolk Berserker began the quest for the Orb.
     0 | D:1      | Reached XP level 1. HP: 18/18 MP: 1/1
   162 | D:1      | Reached XP level 2. HP: 24/24 MP: 2/2
   214 | D:1      | Reached skill level 1 in Shapeshifting
   754 | D:1      | Reached ** piety under Trog
   755 | D:1      | Reached XP level 3. HP: 25/29 MP: 3/3
   851 | D:2      | Found a broken altar of Ashenzari.
   886 | D:2      | Reached skill level 1 in Unarmed Combat
   924 | D:2      | Found Ecyolim's Armour Emporium.
   977 | D:2      | Found Hutatollai's Assorted Antiques.
  1035 | D:2      | Found a faded altar of an unknown god.
  1044 | D:2      | Reached XP level 4. HP: 33/37 MP: 4/4
  1395 | D:3      | Slain by an orc

Illustrated notes

Levels and vault maps discovered:
D:1:      minmay_arrival_solitary_statue, layout_loops_cross
D:2:      layout_rooms, basic_ecumenical_altar, basic_altar, serial_shops,
          nicolae_shop_overgrown_old_shop, shop, chequers_avenue
D:3:      layout_basic, old_standard_altar

Skill      XL: |  1  2  3  4 |
---------------+-------------+-----
Dodging        | 3 |  3.7
Shapeshifting  | 1 2 3 |  3.0
Unarmed Combat | 1 |  1.8
Fighting       | |  3.9
Polearms       | |  4.1
Armour         | |  1.3

Action                     |  1- 3 |  4- 6 || total
---------------------------+-------+-------++-------
  Melee: Spear             |   116 |    69 ||   185
         Unarmed           |     6 |       ||     6
         Punch             |     2 |     1 ||     3
 Invoke: Trog's Hand       |       |     2 ||     2
         Berserk           |       |     1 ||     1
   Stab: Sleeping          |     2 |       ||     2
 Armour: Animal skin       |    37 |       ||    37
         Leather armour    |    15 |    39 ||    54
  Dodge: Dodged            |    53 |    53 ||   106
